[Event "Early-Titled-Tuesday-Blitz-July-09-2024"]
[Site "Chess.com"]
[Date "2024.07.09"]
[Round "4"]
[White "Shield12"]
[Black "ozates"]
[Result "1-0"]
[WhiteElo "2978"]
[BlackElo "2606"]
[TimeControl "180+1"]
[EndTime "8:40:58 PDT"]
[Termination "Shield12 won by resignation"]

1. e4 c5 2. Nf3 Nc6 3. Bb5 e6 4. O-O Nge7 5. Re1 Ng6 6. c3 Be7 7. d4 cxd4 8. cxd4 d5 9. Nc3 dxe4 10. Nxe4 O-O 11. a3 Bd7 12. Bf1 Rc8 13. g3 Na5 14. h4 Re8 15. h5 Nf8 16. h6 g6 17.
Bf4 Bc6 18. b4 Bxe4 19. Rxe4 Nc4 20. Bg2 Nd6 21. Re1 Bf6 22. Ne5 Qb6 23. Ng4 Bh8 24.
Be5 Nd7 25. Bxh8 Kxh8 26. Qf3 f5 27. Ne3 Qxd4 28. Rad1 Qb6 29. Qf4 e5 30. Qg5 Nf7 31. Qh4 Nf6 32. Bxb7 g5 33. Qh1 Rc3 34. Nxf5 e4 35.
Bxe4 Ne5 36. Bg2 Nfg4 37. Nd4 Qf6 38. f3 Ne3 39. Rd2 N5c4 40. Qh5 Rd8 41. Rdd1 Rxa3 42.
Nb5 Rf8 43. Nxa3 Nxd1 44. Rxd1 Nxa3 45. Qg4 Nc2 46. Qe4 Qb6+ 47. Kh2 Qxh6+ 48. Bh3 Qg6 49. Rd7 Qxe4 50. fxe4 Ne3 51. Be6 g4 52. Rd2 h5 53.
Re2 Rf3 54. e5 Kg7 55. Bd7 Nc4 56. e6 Nd6 57. e7 Rf7 58. e8=Q Nxe8 59. Bxe8 Rb7 60.
Bxh5 Rxb4 61. Ra2 Rb5 62. Rxa7+ Kf6 63. Be8 Kg5 64. Bxb5 1-0

[Event "Early-Titled-Tuesday-Blitz-July-09-2024"]
[Site "Chess.com"]
[Date "2024.07.09"]
[Round "4"]
[White "Iball95"]
[Black "AcostaPablo"]
[Result "1/2-1/2"]
[WhiteElo "2916"]
[BlackElo "2702"]
[TimeControl "180+1"]
[EndTime "8:40:59 PDT"]
[Termination "Game drawn - insufficient material"]

1. e4 e6 2. d4 d5 3. Nc3 Nf6 4. Bd3 c5 5. Nf3 c4 6. e5 cxd3 7. exf6 dxc2 8. Qxc2 gxf6 9. O-O Nc6 10. Bf4 Bd6 11. Qd2 a6 12. Rfe1 Ne7 13. Rac1 Rg8 14. Bg3 Bxg3 15. hxg3 Qd6 16. Qh6 Ng6 17. Qxh7 Rh8 18.
Qg7 Ke7 19. Nh4 Rxh4 20. gxh4 Nxh4 21. Nxd5+ Qxd5 22. Rc7+ Bd7 23. Qg3 Nf5 24. Qa3+ Qd6 25. d5 e5 26. Rxb7 Rc8 27. Qa5 Rc5 28. Qb6 Rxd5 29.
Rc1 Rb5 30. Qxd6+ Kxd6 31. Rcc7 Rxb7 32. Rxb7 Nd4 33. Rb6+ Bc6 34. Rxa6 f5 35. b4 f4 36. a4 Kd5 37. b5 Bd7 38. Ra7 Be6 39. a5 Nxb5 40. Rb7 Kc6 41. Rb6+ Kc5 42. Rb7 Bd5 43. Rb8 Nc7 44. Rb6 e4 45. Rf6 Ne6 46. Rxf7 e3 47. fxe3 fxe3 48. Kf1 Bc4+ 49. Ke1 Nd4 50. Re7 Ne6 51. g4 Kd6 52. Re8 Kd7 53. Rb8 Nd4 54. Rb2 e2 55. Kf2 Bd3 56. Rd2 e1=Q+ 57. Kxe1 Nf3+ 58.
Kd1 Nxd2 59. Kxd2 Ba6 60. Ke3 Ke7 61. Kf4 Kf6 62. g5+ Kg6 63. Ke5 Kxg5 64. Kd6 Kf4 65. Kc6 Be2 66. Kb6 Bd3 67. Kc5 Ba6 68. Kd4 Be2 69. Kc5 Ba6 70. Kb4 Be2 71. Kc3 Ke5 72. Kd2 Ba6 73. Kc3 Kd6 74. Kb4 Kc6 75. Kc3 Kc5 76. Kc2 Kb5 77. Kd2 Kxa5 1/2-1/2

[Event "Early-Titled-Tuesday-Blitz-July-09-2024"]
[Site "Chess.com"]
[Date "2024.07.09"]
[Round "4"]
[White "FerAsensio2024"]
[Black "Gyulamiryan-koryun"]
[Result "0-1"]
[WhiteElo "2525"]
[BlackElo "1880"]
[TimeControl "180+1"]
[EndTime "8:40:59 PDT"]
[Termination "Gyulamiryan-koryun won by resignation"]

1. d4 Nf6 2. Nc3 d5 3. Bf4 g6 4.
e3 Bg7 5. h4 h5 6. Nf3 O-O 7.
Ne5 c5 8. f3 Nc6 9. Qd2 c4 10.
b3 cxb3 11. axb3 Bf5 12. Bd3 Bxd3 13. Nxc6 bxc6 14. Qxd3 Nd7 15. O-O e5 16. Bg3 exd4 17. exd4 Qf6 18. Rfd1 Rfe8 19. Bf2 Qd6 20. Ra6 Nb6 21. g3 Qb4 22. Na4 Nxa4 23. Rxa4 Qd6 24. Ra6 Re7 25. Kg2 Rae8 26. Rd2 Qd7 27. c4 Bh6 28.
Rc2 Be3 29. Be1 dxc4 30. bxc4 Bxd4 31. Bf2 c5 32. Bxd4 cxd4 33. Raa2 Re3 34. Qf1 Qf5 35. Rf2 d3 36. Rad2 Rd8 37. Qd1 Qd7 38. Qc1 Qd4 39. Rd1 Rde8 40. Rfd2 Re2+ 41. Kh3 Rxd2 42. Qxd2 Re3 43. Qg2 Qxc4 44. Rd2 Qd4 45. Qf2 Qd7+ 46. Kg2 Qe6 47. Kf1 Re2 48. Rxe2 dxe2+ 49. Qxe2 Qxe2+ 50.
Kxe2 Kg7 51. Kd3 Kf6 52. Kd4 Kf5 53. Kd5 a5 54. Kd4 a4 55. Kc4 Ke5 56. Kb4 Kd4 57.
g4 Ke3 58. gxh5 gxh5 59. Kxa4 Kxf3 60. Kb3 Kg3 61. Kc3 f5 62. Kd3 f4 63. Ke4 f3 64.
Kf5 Kxh4 65. Kf4 f2 66. Kf3 f1=Q+ 67. Ke3 Qf6 68. Ke4 Kg3 69. Ke3 h4 70. Ke4 h3 0-1

[Event "Early-Titled-Tuesday-Blitz-July-09-2024"]
[Site "Chess.com"]
[Date "2024.07.09"]
[Round "4"]
[White "aanshnerurkar"]
[Black "familijatop71"]
[Result "1-0"]
[WhiteElo "2464"]
[BlackElo "2312"]
[TimeControl "180+1"]
[EndTime "8:40:59 PDT"]
[Termination "aanshnerurkar won on time"]

1. e4 d5 2. exd5 Qxd5 3. Nc3 Qa5 4. d4 c6 5. Nf3 Nf6 6. Bc4 Bf5 7. Bd2 e6 8. Nd5 Qd8 9. Nxf6+ gxf6 10. c3 Nd7 11. Qe2 Nb6 12. Bb3 Qd6 13. Nh4 Bg6 14. O-O-O O-O-O 15. Qf3 Be7 16. Rhe1 f5 17. Nxg6 hxg6 18.
h3 Nd5 19. Re2 Nf6 20. Bf4 Qd7 21. Rde1 Ne4 22. Bc2 Nf6 23. Kb1 Nd5 24. Bd2 Kb8 25.
a3 b5 26. Bb3 Rhe8 27. a4 a6 28. axb5 axb5 29. Kc2 Kb7 30. g4 Bd6 31. gxf5 gxf5 32. h4 Nf6 33. Bg5 Be7 34. h5 Ne4 35. Bc1 Bg5 36.
Bxg5 Nxg5 37. Qe3 Ne4 38. Rg1 Rg8 39. f3 Rxg1 40. Qxg1 Nf6 41. h6 Nd5 42. Qg7 Qe8 43. h7 Kb6 44. h8=Q Qxh8 45. Qxf7 Qe8 46. Qxe6 Qxe6 47.
Rxe6 Nf4 48. Re5 Rf8 49. Kd2 Kc7 50. Bc2 Kd6 51. Rxf5 Rxf5 52. Bxf5 Nd5 53. Be4 Nf6 54. Ke3 Nh5 55. f4 Nf6 56. f5 c5 57. Kf4 cxd4 58.
cxd4 Nd7 59. b4 Nb6 60. Kg5 Ke7 61. f6+ Kf7 62. d5 Nc4 63. Bf5 1-0

[Event "Early-Titled-Tuesday-Blitz-July-09-2024"]
[Site "Chess.com"]
[Date "2024.07.09"]
[Round "4"]
[White "AryanTari"]
[Black "Individoom"]
[Result "0-1"]
[WhiteElo "2985"]
[BlackElo "2750"]
[TimeControl "180+1"]
[EndTime "8:41:02 PDT"]
[Termination "Individoom won by resignation"]

1. e4 c5 2. Nc3 Nc6 3. f4 g6 4.
Nf3 Bg7 5. Bb5 Nd4 6. O-O Nxb5 7. Nxb5 d6 8. Qe1 Bd7 9. Nc3 Bc6 10. a4 Nf6 11. d3 O-O 12. Qh4 Nd7 13. f5 Ne5 14. Bh6 Re8 15. Bxg7 Kxg7 16. Ng5 h6 17. fxg6 Kxg6 18.
Nh3 Kh7 19. Nd5 Bxd5 20. exd5 Rg8 21. Qe4+ Kh8 22. Qe3 Kh7 23. Nf4 Rg7 24. Nh5 Rg6 25.
Rf5 Qd7 26. Raf1 Rag8 27. g3 f6 28. c3 Rg5 29. Qe4 Rxf5 30. Rxf5 Kh8 31. d4 cxd4 32. cxd4 Qxa4 33. Rf1 Ng4 34. h3 Ne5 35. Qf4 Nf7 36. Re1 Qc2 37. g4 Ng5 38. Qe3 Qxb2 39. Nf4 Qc2 40. Kf1 Rg7 41. h4 Nh7 42. Qf3 Qc4+ 43. Re2 Qxd4 44. Ne6 Qd1+ 45. Kf2 Rg8 46. Nf4 Qd4+ 47. Kg2 Qd1 48. Rxe7 Rxg4+ 49. Kf2 Qd4+ 50.
Qe3 Rxf4+ 51. Ke2 Qxe3+ 52. Kxe3 Rxh4 53. Rxb7 Rg4 54. Kf3 h5 55. Rb8+ Kg7 56. Rb7+ Kg6 57. Rb8 Ng5+ 58. Ke3 Re4+ 59. Kd3 Re5 60. Rg8+ Kf5 61.
Ra8 Kg4 62. Rxa7 h4 63. Ra4+ Kg3 64. Ra3 h3 65. Kd4+ Nf3+ 0-1

[Event "Early-Titled-Tuesday-Blitz-July-09-2024"]
[Site "Chess.com"]
[Date "2024.07.09"]
[Round "4"]
[White "ninguno46"]
[Black "slidingknight2775"]
[Result "1-0"]
[WhiteElo "2576"]
[BlackElo "2765"]
[TimeControl "180+1"]
[EndTime "8:41:05 PDT"]
[Termination "ninguno46 won by checkmate"]

1. Nf3 Nf6 2. c4 e6 3. g3 d5 4.
Bg2 Be7 5. O-O O-O 6. b3 b6 7.
e3 Bb7 8. Qe2 c5 9. Bb2 Nbd7 10.
Nc3 Rc8 11. Rad1 Qc7 12. d3 e5 13. e4 d4 14. Nb5 Qb8 15. Nh4 a6 16. Na3 Rfe8 17. Bh3 Rcd8 18. Bc1 Bf8 19. Ng2 Bc6 20. f4 b5 21. f5 a5 22. cxb5 Bxb5 23. g4 h6 24. g5 hxg5 25. Bxg5 Nh7 26. Bd2 Qb6 27. Rf3 a4 28. Rb1 Qc6 29. bxa4 Ba6 30. Nb5 Rb8 31. Rg3 Bxb5 32. axb5 Rxb5 33. Rxb5 Qxb5 34. Nh4 Ndf6 35. Ng6 c4 36. Nxf8 Kxf8 37. dxc4 Qb1+ 38. Qe1 Qxe1+ 39. Bxe1 Nxe4 40. Rb3 Nhf6 41. Bg2 Kg8 42. a4 Nc5 43. Ra3 e4 44. Bb4 Nfd7 45. a5 Ra8 46. Ra2 Ra6 47. Bf1 d3 48. Bd2 g6 49. fxg6 fxg6 50.
Rb2 Kf7 51. Bh3 Ke7 52. Kf2 Kd6 53. Bf4+ Kc6 54. Bd2 Ne5 55. Rb5 Ned7 56. Ke3 Nb7 57. Bxd7+ Kxd7 58. Rxb7+ Kc6 59. Rb6+ Rxb6 60. axb6 Kxb6 61.
Kxe4 Kc5 62. Kxd3 Kc6 63. Ke3 Kd7 64. Kf4 Ke8 65. Kg5 Kd8 66. Kxg6 Kc7 67. h4 Kc6 68.
h5 Kc5 69. h6 Kxc4 70. h7 Kd3 71. h8=Q Kxd2 72. Qe5 Kd3 73. Kf5 Kc2 74. Kf4 Kc1 75.
Qe3+ Kb2 76. Ke4 Kb1 77. Kd4 Ka1 78. Qf2 Kb1 79. Kc3 Ka1 80. Qb2# 1-0

[Event "Early-Titled-Tuesday-Blitz-July-09-2024"]
[Site "Chess.com"]
[Date "2024.07.09"]
[Round "4"]
[White "KNVB"]
[Black "adreyd"]
[Result "1-0"]
[WhiteElo "2663"]
[BlackElo "2416"]
[TimeControl "180+1"]
[EndTime "8:41:13 PDT"]
[Termination "KNVB won by checkmate"]

1. d4 b6 2. Bf4 Bb7 3. e3 g6 4. h3 Bg7 5. Nf3 d6 6. a4 a6 7. Bh2 Nd7 8. Be2 e5 9. O-O Ne7 10. c4 O-O 11. a5 bxa5 12. Nc3 f5 13. Ng5 Qc8 14. Ne6 Re8 15. Nxg7 Kxg7 16. c5 exd4 17. Qxd4+ Nf6 18. cxd6 Nc6 19. Qc5 cxd6 20. Bxd6 Nd7 21. Qc4 Nde5 22. Qb3 Qd7 23. Rfd1 Qf7 24. Qxf7+ Nxf7 25. Na4 Red8 26. Bc7 Rdc8 27. Bb6 Nce5 28. Nc5 Rab8 29.
Ne6+ Kf6 30. Nd4 Be4 31. Bxa5 Rxb2 32. f3 Bd5 33. Bxa6 Ra8 34. Bf1 Nd6 35. Bc3 Rxa1 36.
Rxa1 Rb7 37. e4 fxe4 38. f4 Nd3 39. Nb5+ Ke6 40. Nxd6 Kxd6 41. Ra6+ Ke7 42. Ra5 Bc4 43. Bxd3 Bxd3 44. Kf2 Rb1 45. Ra7+ Kd6 46. g4 Rc1 47.
Bd2 Rc2 48. Ke3 Rb2 49. Rxh7 Rb1 50. Rh6 Rg1 51. Rxg6+ Kd5 52. Rg5+ Kc4 53. Kf2 Rf1+ 54. Kg3 Rf3+ 55. Kh4 Rf2 56. Be3 Re2 57. Ba7 e3 58. Rc5+ Kb3 59. Re5 Rh2 60. Rxe3 Kc2 61. f5 Bf1 62.
Bb8 Rh1 63. f6 Bc4 64. Bf4 Rf1 65. Kg5 Kd2 66. Rf3+ Ke2 67. Rxf1 Kxf1 68. Kg6 Kg2 69. f7 Bxf7+ 70. Kxf7 Kxh3 71. g5 Kg4 72. g6 Kxf4 73. g7 Kf5 74. g8=Q Ke4 75. Qg6+ Kd4 76. Qf6+ Kd3 77.
Qe6 Kc3 78. Kf6 Kc2 79. Qe5 Kd2 80. Ke6 Kc2 81. Qd5 Kc1 82. Ke5 Kb1 83. Qd4 Kc1 84.
Ke4 Kc2 85. Qd3+ Kb2 86. Kd4 Ka2 87. Qc3 Kb1 88. Qd2 Ka1 89. Kc3 Kb1 90. Qb2# 1-0

[Event "Early-Titled-Tuesday-Blitz-July-09-2024"]
[Site "Chess.com"]
[Date "2024.07.09"]
[Round "4"]
[White "Smiechu"]
[Black "twofoxniel"]
[Result "0-1"]
[WhiteElo "2451"]
[BlackElo "2640"]
[TimeControl "180+1"]
[EndTime "8:41:15 PDT"]
[Termination "twofoxniel won by resignation"]

1. e4 d5 2. exd5 Nf6 3. Nf3 Nxd5 4. d4 Bg4 5. Be2 e6 6. c4 Nb6 7. O-O Be7 8. Nc3 O-O 9. b3 Nc6 10. Be3 h6 11. h3 Bh5 12. Qd2 Bf6 13. Rad1 Qe7 14.
Ne4 Rad8 15. Nxf6+ Qxf6 16. a4 e5 17. d5 e4 18. Nd4 Bxe2 19. Nxe2 Ne5 20. Ng3 Qg6 21. Bxb6 axb6 22. Qf4 Rfe8 23. Nxe4 Rd7 24. Ng3 Rde7 25.
Nf5 Rd7 26. Rfe1 f6 27. Nd4 Kh7 28. Qf5 Ree7 29. Qxg6+ Kxg6 30. Ne6 Kf7 31. Re3 c6 32. Nf4 g5 33. Nd3 Ng6 34. Rxe7+ Kxe7 35. dxc6 bxc6 36. Re1+ Kf7 37. Nb4 Ne5 38. Kf1 Rd2 39. g3 Rb2 40. f4 Rxb3 41. fxe5 Rxb4 42. exf6 Rxc4 43. Re7+ Kxf6 44. Rb7 Rxa4 45. Rxb6 Rc4 46. Kf2 h5 47.
Kf3 Ke5 48. Rb8 g4+ 49. hxg4 hxg4+ 50. Kf2 Kd4 51. Rg8 Kc3 52. Ke3 c5 53. Rg5 Kb4 54. Kd3 Rd4+ 55. Kc2 c4 56. Rg6 Re4 57. Rg5 c3 58. Rg8 Re2+ 59. Kd1 Rd2+ 60. Kc1 Rd4 61. Rb8+ Kc4 62. Rf8 Kd3 63. Rg8 Ra4 64. Rd8+ Ke3 65. Rc8 Ra3 66. Kc2 Kf3 67. Rd8 Kxg3 68. Rd3+ Kh2 69.
Rd8 g3 70. Rh8+ Kg2 71. Rg8 Kf2 72. Rf8+ Kg1 73. Rg8 g2 74. Rg7 Ra2+ 75. Kxc3 Kf1 76. Rf7+ Rf2 77. Rd7 g1=Q 0-1

[Event "Early-Titled-Tuesday-Blitz-July-09-2024"]
[Site "Chess.com"]
[Date "2024.07.09"]
[Round "4"]
[White "Erdnya15"]
[Black "Nekoo04"]
[Result "1-0"]
[WhiteElo "2591"]
[BlackElo "2381"]
[TimeControl "180+1"]
[EndTime "8:41:19 PDT"]
[Termination "Erdnya15 won on time"]

1. g3 Nf6 2. Bg2 g6 3. Nf3 Bg7 4. d3 O-O 5. O-O d5 6. Nbd2 c5 7. e4 Nc6 8. exd5 Nxd5 9. Re1 e5 10. Nc4 Re8 11. Bg5 Qd7 12. Qd2 b6 13. Bh6 Bh8 14. Ne3 Nxe3 15. Bxe3 Bb7 16. Ng5 Nd4 17. Bxb7 Qxb7 18. Bxd4 cxd4 19. Ne4 Qd5 20. h4 h5 21. Qe2 Rac8 22. Qf3 Qe6 23. Ng5 Qd7 24. Qe2 Rc7 25. Rac1 Rec8 26. a3 b5 27. Nf3 Rc5 28.
Nd2 Rxc2 29. Rxc2 Rxc2 30. Qd1 Qc6 31. b4 Bg7 32. Nf3 Qc7 33. Nxe5 Bxe5 34. Qf3 Bg7 35. Qd5 Qc8 36. Qxb5 Qf5 37. Qxf5 gxf5 38. Re7 a6 39. Ra7 Ra2 40. Rxa6 Bf8 41. Ra5 Kg7 42. Rxf5 Rxa3 43. Rxh5 Bxb4 44. Rg5+ Kf8 45. Rb5 Bd2 46. Rb2 Rxd3 47.
Kf1 Bc3 48. Rb8+ Kg7 49. h5 Rd2 50. g4 f6 51. Rb7+ Kh6 52. Kg2 Kg5 53. Kg3 Rd3+ 54.
f3 Be1+ 55. Kg2 Bh4 56. Rb5+ Kh6 57. Rd5 Bg5 58. Rf5 Re3 59. f4 Bh4 60. Rd5 d3 61. Rd6 Re2+ 62. Kf3 Rd2 63. Ke3 Rd1 64. Rxd3 Rxd3+ 65. Kxd3 Bg3 66. Ke4 Bf2 67. Kf5 1-0

[Event "Early-Titled-Tuesday-Blitz-July-09-2024"]
[Site "Chess.com"]
[Date "2024.07.09"]
[Round "4"]
[White "alexrustemov"]
[Black "Baronessa08"]
[Result "1-0"]
[WhiteElo "2876"]
[BlackElo "2596"]
[TimeControl "180+1"]
[EndTime "8:41:21 PDT"]
[Termination "alexrustemov won by resignation"]

1. d4 d5 2. Nf3 Nf6 3. c4 e6 4. Bg5 Be7 5. Nc3 Nbd7 6. e3 c6 7. Qc2 h6 8. Bh4 O-O 9. Rc1 b6 10. Bd3 Bb7 11. O-O c5 12. cxd5 Nxd5 13. Bxe7 Qxe7 14.
Nxd5 Bxd5 15. Bh7+ Kh8 16. Be4 Bxe4 17. Qxe4 Nf6 18.
Qe5 Nd7 19. Qg3 Rac8 20. h3 c4 21. Rc2 b5 22. Rfc1 Nb6 23. e4 Rfd8 24. Qf4 a5 25. Qe3 Kg8 26. Ne5 Qd6 27. Nf3 a4 28. a3 Nd7 29.
Rd2 Qb6 30. Ne1 e5 31. Nc2 exd4 32. Nxd4 Ne5 33. Rcd1 Nd3 34. Nf5 Qxe3 35. Nxe3 Rd4 36. f3 Rcd8 37. Nd5 Kf8 38. Nc3 Rb8 39. Kf1 Rdd8 40. Ke2 g6 41. Ke3 Kg7 42. Nd5 f5 43. Nf4 fxe4 44. fxe4 Kf6 45. Nxd3 cxd3 46. Rxd3 Rxd3+ 47. Rxd3 Rc8 48. Rd6+ Kf7 49. Kd2 Rc4 50. Rb6 Rxe4 51.
Rxb5 Rf4 52. Ke3 Rf1 53. Rb6 h5 54. h4 Rh1 55. g3 Rg1 56. Kf4 Rf1+ 57. Ke3 Rg1 58.
Kf2 Rb1 59. Kg2 Kg7 60. Kf3 Kh6 61. Rb4 Kg7 62. g4 hxg4+ 63. Kxg4 Kh6 64. Kf3 Rf1+ 65. Ke2 Rb1 66. Kd3 Rd1+ 67. Kc2 Rh1 68. Rxa4 Kh5 69.
Kc3 Rxh4 70. Rxh4+ Kxh4 71. a4 g5 72. a5 g4 73. a6 g3 74. a7 g2 75. a8=Q g1=Q 76. Qh8+ 1-0

[Event "Early-Titled-Tuesday-Blitz-July-09-2024"]
[Site "Chess.com"]
[Date "2024.07.09"]
[Round "4"]
[White "FARIZA2018"]
[Black "Arystanner"]
[Result "0-1"]
[WhiteElo "2637"]
[BlackElo "2905"]
[TimeControl "180+1"]
[EndTime "8:41:25 PDT"]
[Termination "Arystanner won on time"]

1. e4 c5 2. Nf3 Nc6 3. d4 cxd4 4.
Nxd4 e5 5. Nb5 d6 6. c4 g6 7. Be2 a6 8. N5c3 Be6 9. Be3 Bh6 10.
Bxh6 Nxh6 11. Qd2 Ng8 12. Na3 Nf6 13. Nc2 O-O 14. O-O Kg7 15. Rad1 Qb6 16. b3 Rad8 17.
Kh1 Qa5 18. a3 Qc7 19. f4 exf4 20. Qxf4 Qe7 21. Ne3 Ng8 22. Ncd5 Bxd5 23. Nxd5 Qe5 24. Qe3 Nce7 25. Bf3 Nxd5 26. Rxd5 Qb2 27. a4 Nf6 28. Rd2 Qe5 29. Rfd1 Rfe8 30. Rd4 Re6 31. g3 Rde8 32. Bg2 a5 33. Qf3 h5 34. h3 Qc5 35. Qc3 Kg8 36. Qd3 Qg5 37. Rxd6 Rxd6 38. Qxd6 Kg7 39. Re1 h4 40.
Qf4 Qxg3 41. Qxg3 hxg3 42. Re3 b6 43. Rxg3 Nxe4 44. Bxe4 Rxe4 45. Rd3 Re6 46. Kg2 f5 47. Kf3 g5 48. Rd5 Kf6 49. c5 bxc5 50. Rxc5 Rb6 51. Rxa5 Rxb3+ 52. Kg2 Ra3 53. Kh2 Kg6 54. Kg2 f4 55.
Ra8 Kf5 56. a5 Ra2+ 57. Kf3 Rh2 58. Rh8 Ra2 59. Rf8+ Kg6 60. Rg8+ Kf6 61. Rf8+ Kg7 62. Ra8 Ra3+ 63. Kg4 Rg3+ 64. Kf5 f3 65. Rd8 f2 66. Rd7+ Kh6 67. Rd6+ Kh5 68. Rd1 Rf3+ 69. Ke4 f1=Q 0-1

[Event "Early-Titled-Tuesday-Blitz-July-09-2024"]
[Site "Chess.com"]
[Date "2024.07.09"]
[Round "4"]
[White "IMVadim"]
[Black "Bykov_Egor"]
[Result "0-1"]
[WhiteElo "2440"]
[BlackElo "2684"]
[TimeControl "180+1"]
[EndTime "8:41:25 PDT"]
[Termination "Bykov_Egor won by checkmate"]

1. e4 e6 2. d4 d5 3. e5 c5 4. c3 Nc6 5. Nf3 Qb6 6. a3 Bd7 7. b4 cxd4 8. cxd4 Rc8 9. Be3 Nh6 10. Bd3 Ng4 11. O-O Be7 12. Nbd2 f6 13. exf6 Bxf6 14.
Ne5 Nxe3 15. Nxd7 Nxd1 16. Nxb6 axb6 17. Raxd1 Nxd4 18. Rfe1 Kf7 19. Bb1 Nb5 20. Nf3 Nxa3 21. Ba2 Nb5 22. Rd3 Rc3 23. Rxc3 Nxc3 24. Bb3 Ra8 25. g4 h6 26. h4 Ne4 27. Bc2 Bc3 28. Re3 Bxb4 29. Bxe4 dxe4 30. Rxe4 Bc3 31. Rc4 Ra3 32.
Rc7+ Kf6 33. Rxb7 Rb3 34. Kg2 b5 35. g5+ Kf5 36. gxh6 gxh6 37. Rf7+ Kg6 38. Re7 Kf5 39. Rf7+ Kg4 40. Rh7 h5 41. Nh2+ Kxh4 42. Nf3+ Kg4 43. Nh2+ Kg5 44. Nf3+ Kg6 45. Re7 Kf6 46. Rh7 Rb2 47. Rxh5 b4 48. Rh6+ Kf5 49. Rh5+ Kg6 50. Rb5 Kf6 51. Rb6 Ke7 52. Ng5 Rxf2+ 53. Kxf2 Bd4+ 54. Ke2 Bxb6 55. Kd3 Bc5 56. Ne4 Bd6 57.
Kc4 Kd7 58. Nf6+ Kc6 59. Ne4 Be7 60. Nd2 Kb6 61. Ne4 Ka5 62. Nd2 Ka4 63. Nb3 Ka3 64. Nd2 Kb2 65. Ne4 Kc2 66. Nf2 b3 67. Nd3 b2 68. Nxb2 Kxb2 69. Kd4 Bd6 70. Ke4 Kc2 71. Kd4 Kd2 72. Ke4 Kc3 73. Ke3 Kc4 74. Ke4 Kc5 75. Ke3 Kd5 76. Kd3 e5 77. Ke3 Bc5+ 78.
Kd3 e4+ 79. Ke2 Kd4 80. Kd2 Bb4+ 81. Ke2 e3 82. Kd1 Kd3 83. Kc1 Bc3 84. Kb1 e2 85. Ka2 e1=Q 86. Kb3 Qb1+ 87. Ka4 Qb4# 0-1

[Event "Early-Titled-Tuesday-Blitz-July-09-2024"]
[Site "Chess.com"]
[Date "2024.07.09"]
[Round "4"]
[White "Ganziitoo"]
[Black "Bulatova_Kamaliya"]
[Result "1-0"]
[WhiteElo "2143"]
[BlackElo "2309"]
[TimeControl "180+1"]
[EndTime "8:41:28 PDT"]
[Termination "Ganziitoo won by resignation"]

1. e4 Nf6 2. e5 Nd5 3. Nc3 Nxc3 4. dxc3 d6 5. Nf3 g6 6. Bc4 Bg7 7. Bf4 O-O 8. O-O Bg4 9. exd6 cxd6 10. h3 Bd7 11. Bg3 Nc6 12. Re1 Qb6 13. Bb3 Rfe8 14. Ng5 Rf8 15. Qf3 Bf6 16. Ne4 Be5 17. Rad1 Bf5 18. Bxe5 Nxe5 19. Qg3 a5 20. a4 Kh8 21. Qh4 Bxe4 22. Rxe4 f5 23. Ree1 Rf6 24. Kh1 f4 25.
f3 Raf8 26. Re4 Nc6 27. Qe1 e5 28. Qg1 Qc7 29. Rd5 Ne7 30. Rb5 Nf5 31. Kh2 Ne3 32. Rxe3 fxe3 33. Qxe3 d5 34. Bxd5 e4+ 35. Kh1 exf3 36.
Bxf3 Qg3 37. Qd4 Qe1+ 38. Kh2 Kg8 39. Bd5+ Kg7 40. Rxb7+ Kh6 41. Rc7 Rf1 42. Qg7+ Kg5 43. Qe7+ Qxe7 44. Rxe7 R1f2 45. Bf3 Rxc2 46. Kg3 Rxb2 47.
Re5+ Kf6 48. Rxa5 Rb3 49. Ra6+ Kg7 50. c4 Kh6 51. Kg4 Rc8 52. Bd5 Rb4 53. Kg3 Rf8 54. h4 Rb3+ 55. Kg4 Re8 56. a5 Reb8 57. Rb6 R8xb6 58.
axb6 Rxb6 59. Kf4 Rb4 60. g4 Kg7 61. Ke5 Kf8 62. Kd6 Ke8 63. c5 Kd8 64. Be6 Rb2 65. c6 Rd2+ 66. Ke5 Kc7 67. Bd7 Re2+ 68. Kf6 Rf2+ 69.
Kg7 h5 70. g5 Rf4 71. Kxg6 Rxh4 72. Kh6 Rg4 73. Bxg4 hxg4 74. g6 g3 75. g7 g2 76.
g8=Q g1=Q 77. Qxg1 Kxc6 78. Qd4 1-0

[Event "Early-Titled-Tuesday-Blitz-July-09-2024"]
[Site "Chess.com"]
[Date "2024.07.09"]
[Round "4"]
[White "Herman-NY"]
[Black "Boundless_Strike"]
[Result "0-1"]
[WhiteElo "2558"]
[BlackElo "2787"]
[TimeControl "180+1"]
[EndTime "8:41:30 PDT"]
[Termination "Boundless_Strike won on time"]

1. d4 e5 2. dxe5 d6 3. exd6 Bxd6 4. e4 Nc6 5. Nc3 Qe7 6. Bd3 Nf6 7. Bg5 h6 8. Nd5 Qe6 9. Bxf6 gxf6 10. Qf3 Be5 11.
Ne2 Bd7 12. O-O-O O-O-O 13. c3 Kb8 14. Ng3 Qd6 15. Kb1 Rhg8 16. Nf5 Qc5 17. g3 Be6 18. Bc2 a5 19. Nxh6 Rh8 20. Nf5 Na7 21. Qe3 Qf8 22. f4 Bxf5 23. exf5 Bd6 24. Nxf6 Qg7 25. Ne4 Rhe8 26. Qf3 Be7 27. Rxd8+ Rxd8 28. Rd1 Rh8 29. h4 Nc6 30. Rd7 Qf8 31. f6 Bc5 32. Bb3 Bb6 33.
Rxf7 Qd8 34. Qd1 Qe8 35. Qd3 Nd8 36. Re7 Qf8 37. a4 Nc6 38. Rf7 Qe8 39. Bd5 Nd8 40. Re7 Qxa4 41. f7 Rf8 42. h5 Ka7 43. h6 Kb8 44. h7 Ka8 45. g4 Ka7 46. g5 Nc6 47. Bxc6 Qxc6 48. Nf6 a4 49. g6 Qh1+ 50. Ka2 Qh4 51.
Re6 Qxf4 52. Nd5 Qg5 53. Rxb6 cxb6 54. Qb5 Qxg6 55. Qxa4+ Kb8 56. Qd7 Rxf7 57. Qd8+ Ka7 58. Nb4 Qxh7 59. Qd4 Rd7 60. Qc4 Qg6 61. Qb5 Qd6 62. Qa4+ Kb8 63. Qb3 Rc7 64. Qg8+ Ka7 65. Qb3 Rc5 66. Kb1 Qg6+ 67. Kc1 Qg1+ 68. Kc2 Qg6+ 69.
Kc1 Rh5 70. Qa4+ Ra5 71. Qb3 Ra1+ 72. Kd2 Qg2+ 73. Kd3 Qf3+ 74. Kd4 Rd1+ 75. Ke5 Qe3+ 76. Kf6 Rf1+ 77. Kg7 Qg3+ 0-1

[Event "Early-Titled-Tuesday-Blitz-July-09-2024"]
[Site "Chess.com"]
[Date "2024.07.09"]
[Round "4"]
[White "HelenaWalker2912"]
[Black "KVAIDAN"]
[Result "1/2-1/2"]
[WhiteElo "2507"]
[BlackElo "2327"]
[TimeControl "180+1"]
[EndTime "8:41:31 PDT"]
[Termination "Game drawn by repetition"]

1. d4 e6 2. c4 f5 3. Nf3 Nf6 4. Nc3 Be7 5. g3 O-O 6. Bg2 d6 7. O-O a5 8. b3 Ne4 9. Bb2 Nxc3 10. Bxc3 Qe8 11. Qc2 Qg6 12. Rfe1 c6 13. e4 f4 14. Rac1 Qh5 15. e5 d5 16. Qe2 a4 17. b4 a3 18. Nd2 Qh6 19. b5 Nd7 20. bxc6 bxc6 21. cxd5 cxd5 22. Nb3 Ba6 23. Qd2 Bg5 24. h4 Be7 25.
Bb4 fxg3 26. fxg3 Qxd2 27. Bxd2 Bc4 28. Rb1 Rab8 29. Re3 g5 30. Bh3 Kf7 31. hxg5 Bxg5 32.
Rf3+ Kg6 33. Rxf8 Rxf8 34. Bxg5 Kxg5 35. Bxe6 Nb6 36. Kg2 Bd3 37. Rd1 Be4+ 38. Kg1 Rf3 39. Nc5 Rxg3+ 40. Kf2 Rg2+ 41. Kf1 Bf3 42. Rd3 Rxa2 43.
Rxf3 Ra1+ 44. Kg2 a2 45. Ra3 Nc4 46. Ra8 Ne3+ 47. Kh2 Nf1+ 48. Kh3 Ne3 49. Nb3 Rb1 50. Rxa2 Rxb3 51. Kh2 Kf4 52. Bf7 Ke4 53. e6 Rb7 54.
Ra4 Nf5 55. Kh3 Nxd4 56. Kh4 Ke5 57. Kg5 Nxe6+ 58. Bxe6 Kxe6 59. Rd4 Ke5 60. Rd1 Rg7+ 61. Kh6 Rg4 62. Kh5 d4 63. Kxg4 Ke4 64. Kg3 Ke3 65. Kg2 d3 66. Kf1 h5 67. Ke1 h4 68. Rd2 Kf3 69.
Rxd3+ Kg2 70. Rd2+ Kg1 71. Ke2 h3 72. Rd1+ Kg2 73. Rd8 h2 74. Rg8+ Kh1 75. Rh8 Kg2 76. Rg8+ Kh1 77. Ra8 Kg2 78. Rg8+ 1/2-1/2

[Event "Early-Titled-Tuesday-Blitz-July-09-2024"]
[Site "Chess.com"]
[Date "2024.07.09"]
[Round "4"]
[White "AwareIdea"]
[Black "RTchess367"]
[Result "1/2-1/2"]
[WhiteElo "2484"]
[BlackElo "2286"]
[TimeControl "180+1"]
[EndTime "8:41:33 PDT"]
[Termination "Game drawn - insufficient material"]

1. c4 e5 2. e3 d6 3. Nc3 f5 4. Nf3 Nf6 5. b3 Be7 6. Bb2 O-O 7. Qc2 h6 8. Be2 Be6 9. d4 e4 10. Nh4 Qe8 11. d5 Bd7 12. g3 a5 13. Ng2 Na6 14. h4 Nb4 15. Qd2 Ng4 16. a3 Nd3+ 17.
Bxd3 exd3 18. Qxd3 Ne5 19. Qc2 a4 20. Nf4 axb3 21.
Qxb3 Bf6 22. Kf1 Nf3 23. Kg2 Nd2 24. Qb4 Ne4 25. Nxe4 Qxe4+ 26. f3 Qc2+ 27. Kh3 Qxb2 28. Qxb2 Bxb2 29. Rab1 Bxa3 30. Rxb7 Bc5 31. Rxc7 Ba4 32. Ne6 Rf7 33. Rxf7 Kxf7 34. Nxc5 dxc5 35. Ra1 Ke7 36. g4 g6 37. Kg3 fxg4 38. fxg4 Kd6 39. g5 h5 40. Kf4 Bc6 41. Rb1 Rf8+ 42. Kg3 Bd7 43. Rb6+ Ke5 44. Rxg6 Bg4 45. Rc6 Rf3+ 46. Kg2 Rxe3 47. Rxc5 Re2+ 48. Kg3 Re3+ 49. Kg2 Re2+ 50. Kf1 Kf4 51. Rc7 Kg3 52. Rf7 Ra2 53. Ke1 Ra1+ 54. Kd2 Ra2+ 55. Kc3 Kxh4 56. Kd4 Kxg5 57. Rg7+ Kf4 58.
d6 Rd2+ 59. Kc5 h4 60. Rf7+ Kg3 61. Rg7 Kf3 62. Kc6 h3 63. Rf7+ Kg3 64. Rh7 h2 65. c5 Bf3+ 66. Kc7 h1=Q 67. Rxh1 Bxh1 68. d7 Bf3 69. d8=Q Rxd8 70. Kxd8 Bg2 71. Kd7 Bf3 72. Kd6 Bg2 73. Ke5 Bf3 74. Kd4 Bg2 75. Ke5 Kf3 76. Ke6 Ke2 77. Kd6 Kd3 78. c6 Bxc6 1/2-1/2